 Dungeon Crawl Stone Soup version 0.22-a0-265-g0d8bc90 (webtiles) character file.

813 varam the Digger (level 7, -13/38 HPs)
             Began as a Gargoyle Earth Elementalist on Mar 6, 2018.
             Was an Initiate of Vehumet.
             Splashed by Ijyb's acid (14 damage)
             ... on level 5 of the Dungeon.
             The game lasted 00:11:08 (3882 turns).

varam the Digger (Gargoyle Earth Elementalist)      Turns: 3882, Time: 00:11:09

Health: -13/38     AC:  0    Str: 11    XL:     7   Next: 93%
Magic:  0/6        EV: 14    Int: 18    God:    Vehumet [......]
Gold:   253        SH:  0    Dex: 10    Spells: 1/12 levels left

rFire    . . .     SeeInvis .   x - +0 flail (antimagic)
rCold    . . .     Gourm    .   (no shield)
rNeg     + . .     Faith    .   c - +0 robe
rPois    ∞         Spirit   .   (no helmet)
rElec    +         Reflect  .   k - +0 cloak (curse)
rCorr    .         Harm     .   (no gloves)
MR       .....                  s - +0 pair of boots
Stlth    ++........             (no amulet)
HPRegen  0.12/turn              A - +2 ring of evasion
MPRegen  0.10/turn              r - ring of magical power

@: corroded
A: negative energy resistance 1, electricity resistance, unbreathing,
petrification resistance, rot immunity, AC +4
a: Renounce Religion


You were on level 5 of the Dungeon.
You worshipped Vehumet.
Vehumet was noncommittal.
You were not hungry.

You visited 2 branches of the dungeon, and saw 6 of its levels.

You collected 253 gold pieces.

Inventory:

Hand Weapons
 o - a cursed -1 hand axe
 x - a +0 antimagic flail (weapon)
Missiles
 b - 33 stones (quivered)
 y - 2 throwing nets
Armour
 c - a +0 robe (worn)
 k - a cursed +0 cloak (worn)
 s - a +0 pair of boots (worn)
 t - a +0 shield
 C - a scarf of resistance
Jewellery
 q - an uncursed ring of protection from cold
 r - a ring of magical power (right hand)
 A - a +2 ring of evasion (left hand)
Wands
 e - a wand of paralysis (15)
Scrolls
 a - a scroll of remove curse {unknown}
 f - a scroll of enchant weapon {unknown}
 g - a scroll of amnesia {unknown}
 m - a scroll of blinking {unknown}
 n - 2 scrolls of enchant armour {unknown}
 p - 5 scrolls of teleportation {unknown}
 u - 4 scrolls of identify {unknown}
 v - a scroll of fear {unknown}
Potions
 h - a potion of curing {unknown}
 i - a potion of cancellation {unknown}
 j - a potion of flight {unknown}
 l - 2 potions of degeneration {unknown}
 w - a potion of brilliance {unknown}
 B - a potion of berserk rage {unknown}
Comestibles
 d - 16 rations
 z - 4 chunks of flesh


   Skills:
 + Level 1.0 Fighting
 + Level 1.0 Maces & Flails
 + Level 1.0 Armour
 + Level 1.8 Dodging
 - Level 2.1 Stealth
 + Level 1.0 Shields
 - Level 3.1 Spellcasting
 + Level 5.2 Conjurations
 - Level 0.7 Transmutations
 * Level 7.8 Earth Magic


You had one spell level left.
You knew the following spells:

 Your Spells              Type           Power        Failure   Level  Hunger
a - Sandblast             Erth           ####..       1%          1    None
b - Stone Arrow           Conj/Erth      ####..       3%          3    ###....
c - Passwall              Tmut/Erth      ###.......   4%          2    ##.....
d - Lee's Rapid Deconstr  Erth           ####......   19%         5    ######.


Dungeon Overview and Level Annotations

Branches:
Dungeon (5/15)             Temple (1/1) D:4

Altars:
Ashenzari
Cheibriados
Dithmenos
Elyvilon
Fedhas
Gozag
Hepliaklqana
Kikubaaqudgha
Makhleb
Nemelex Xobeh
Qazlal
Ru
Sif Muna
Trog
Uskayaw
Vehumet
Wu Jian
Xom
Yredelemnul
Zin
The Shining One

Annotations:
D:5 Ijyb


Innate Abilities, Weirdness & Mutations

You are resistant to torment.
Your stone body is resilient. (AC +4)
You are immune to poison.
You resist negative energy. (rN+)
You are resistant to electric shocks. (rElec)
You can survive without breathing.
You are immune to petrification.
You are immune to rotting.


Message History

A crimson imp comes into view.
Casting: Sandblast (safe; 1% risk of failure)
Confirm with . or Enter, or press ? or * to list all spells.
Aiming: Sandblast (safe; 1% risk of failure)
Press: ? - help, Shift-Dir - straight line, f - Ijyb
Aim: Ijyb, wearing a leather armour and carrying a wand of acid (11) (severely wounded)
The blast of sand misses Ijyb.
b - 34 stones The crimson imp spits at you.
Casting: Sandblast (safe; 1% risk of failure)
Confirm with . or Enter, or press ? or * to list all spells.
Aiming: Sandblast (safe; 1% risk of failure)
Press: ? - help, Shift-Dir - straight line, f/p - Ijyb
Aim: Ijyb, wearing a leather armour and carrying a wand of acid (11) (severely wounded)
The blast of sand misses Ijyb.
b - 33 stones Ijyb zaps a wand.
The bolt of acid hits you!
* * * LOW HITPOINT WARNING * * *
The acid corrodes you!
You are splashed with acid!
The acid burns!
You die...

######## ########
#......##
.......#########.###...##
.#####.........)..>.....#
.# ###########.###....#
.# #.# ##.#.# .# #@#
#.#.# .# #.# #.#.# .# #g#
#.... .. ... ###.O ..
..... ..# .. ....... ..#
..$5..>.# ##.......#
........#


You could see Ijyb and a crimson imp.

Vanquished Creatures
  A phantom (D:4)
  An ogre (D:5)
  A water moccasin skeleton (D:4)
  A centaur zombie (D:5)
  2 orc priests
  2 hounds (D:4)
  3 jellies (D:5)
  2 iguanas (D:4)
  4 orc wizards
  3 worker ants
  A hound skeleton (D:4)
  6 adders
  A worm (D:4)
  A dart slug (D:1)
  2 leopard geckos
  11 orcs
  A ball python (D:3)
  2 bats
  2 giant cockroaches (D:1)
  6 goblins
  8 hobgoblins
  5 kobolds
  A quokka (D:4)
  2 frilled lizards (D:4)
  A quokka skeleton (D:4)
  10 rats
80 creatures vanquished.

Notes
Turn   | Place    | Note
-------+----------+-------------------------------------------
     0 | D:1      | varam the Gargoyle Earth Elementalist began the quest for the Orb.
     0 | D:1      | Reached XP level 1. HP: 10/10 MP: 3/3
   141 | D:1      | Reached skill level 4 in Earth Magic
   223 | D:1      | Reached XP level 2. HP: 10/15 MP: 1/5
   648 | D:3      | Reached XP level 3. HP: 19/19 MP: 2/6
   653 | D:3      | Learned a level 3 spell: Stone Arrow
   923 | D:2      | Noticed an ogre
  1055 | D:1      | HP: 1/19 [ogre/giant spiked club (13)]
  1079 | D:1      | You fall through a shaft!
  1485 | D:2      | Found a shimmering altar of Xom.
  1485 | D:2      | Found a stormy altar of Qazlal.
  1575 | D:2      | Learned a level 2 spell: Passwall
  1667 | D:3      | Reached skill level 1 in Conjurations
  1667 | D:3      | Reached skill level 5 in Earth Magic
  1667 | D:3      | Reached XP level 4. HP: 17/24 MP: 8/8
  1670 | D:3      | Reached skill level 3 in Spellcasting
  1756 | D:3      | Reached XP level 5. HP: 26/28 MP: 9/9
  1779 | D:3      | Reached skill level 2 in Conjurations
  1895 | D:3      | Found a blossoming altar of Fedhas.
  1935 | D:2      | Found an ornate altar of the Wu Jian Council.
  2146 | D:4      | Noticed a phantom
  2256 | D:4      | Reached skill level 3 in Conjurations
  2256 | D:4      | Reached skill level 6 in Earth Magic
  2256 | D:4      | Reached XP level 6. HP: 32/32 MP: 4/10
  2374 | D:4      | Found a sacrificial altar of Ru.
  2725 | D:4      | Killed a phantom
  2725 | D:4      | Reached skill level 4 in Conjurations
  2725 | D:4      | Reached XP level 7. HP: 31/36 MP: 9/11
  2765 | D:4      | Found a shattered altar of Ashenzari.
  2772 | D:4      | Reached skill level 7 in Earth Magic
  2841 | D:4      | Found a staircase to the Ecumenical Temple.
  2849 | Temple   | Entered the Ecumenical Temple
  2856 | Temple   | Became a worshipper of Vehumet
  3039 | D:4      | Learned a level 5 spell: Lee's Rapid Deconstruction
  3381 | D:5      | Entered Level 5 of the Dungeon
  3388 | D:5      | Reached skill level 5 in Conjurations
  3671 | D:5      | Reached skill level 1 in Shields
  3877 | D:5      | Noticed Ijyb
  3880 | D:5      | Reached skill level 1 in Fighting
  3880 | D:5      | Reached skill level 1 in Maces & Flails
  3880 | D:5      | Reached skill level 1 in Armour
  3882 | D:5      | HP: 1/38 [Ijyb/wand of acid (11) (12)]
  3882 | D:5      | Splashed by Ijyb's acid

Vault maps used:
D:1:      eino_arrival_water_star
D:2:      amethyst_overflow_temple_binary, nicolae_overflow_hidden_temple
D:3:      fedhas_altar_2
D:4:      nicolae_ru_sacrificial_ziggurat, kennysheep_little_box,
          temple_statues, first_ration
D:5:      serial_shops, shop, uniq_ijyb
Temple:   eino_temple_rhombus

Skill      XL: |  1  2  3  4  5  6  7 |
---------------+----------------------+-----
Earth Magic    | 4 5 6 7 |  7.8
Conjurations   | 1 3 4 5 |  5.2
Spellcasting   | 3 |  3.1
Shields        | 1 |  1.0
Fighting       | 1 |  1.0
Maces & Flails | 1 |  1.0
Armour         | 1 |  1.0
Dodging        | |  1.8
Stealth        | |  2.1
Transmutations | |  0.7

Action                   |  1- 3 |  4- 6 |  7- 9 || total
-------------------------+-------+-------+-------++-------
Melee: Unarmed           |     8 |       |       ||     8
       Club              |    12 |     8 |       ||    20
       Flail             |       |       |     3 ||     3
 Cast: Sandblast         |    39 |    60 |    21 ||   120
       Stone Arrow       |     3 |    14 |    11 ||    28
Evoke: Wand              |       |     8 |       ||     8
  Eat: Ration            |     1 |       |       ||     1
       Chunk             |       |     4 |     5 ||     9
Armor: Robe              |    13 |    20 |     9 ||    42
Dodge: Dodged            |    13 |    42 |    10 ||    65

Table legend:
 A = Spawn XP
 B = Non-spawn XP
 C = Spawn XP percentage of total XP
 D = Spawn monster count
 E = Non-spawn monster count
 F = Spawn count percentage of total count
 G = Total turns spent on level
                    A         B        C        D         E        F      G
               +---------+---------+-------+---------+---------+-------+---------
         Total |       0 |    1162 |   0.0 |       0 |      80 |   0.0 |  3882
               +---------+---------+-------+---------+---------+-------+---------
           D:1 |       0 |      25 |   0.0 |       0 |      13 |   0.0 |   739
           D:2 |       0 |      37 |   0.0 |       0 |      15 |   0.0 |   978
           D:3 |       0 |     188 |   0.0 |       0 |      21 |   0.0 |   505
           D:4 |       0 |     512 |   0.0 |       0 |      21 |   0.0 |  1085
           D:5 |       0 |     400 |   0.0 |       0 |      10 |   0.0 |   402
               +---------+---------+-------+---------+---------+-------+---------
